 Dungeon Sprint DCSS version 0.31-a0-460-g9e667d4245 (webtiles) character file.

Game seed: 17832053748902539166

3215 rocky1 the Martial Artist (level 9, 0/63 HPs)
             Began as an Octopode Shapeshifter on Aug 5, 2023.
             Was an Initiate of Gozag.
             Slain by a wraith (4 damage)
             ... in the Dungeon (Sprint IX: "|||||||||||||||||||||||||||||").
             The game lasted 00:02:53 (940 turns).

rocky1 the Martial Artist (Octopode Shapeshifter)    Turns: 940, Time: 00:02:53

Health: 0/63       AC:  3    Str: 17    XL:     9   Next: 97%
Magic:  9/9        EV: 17    Int: 11    God:    Gozag
Gold:   648        SH:  0    Dex: 16    Spells: 8/8 levels left

rFire   . .          .
                       - Unarmed
rCold   . . .        (no shield)
rNeg    . . .        (helmet currently unavailable)
rPois   .            (no amulet)
rElec   .            k - +2 ring of protection
rCorr   .            l - +3 ring of strength
SInv    .            (no ring)
Will    .....        (no ring)
Stlth   ++++         (no ring)
HPRegen 0.30/turn    (no ring)
MPRegen 0.11/turn    (no ring)
                     (no ring)

%: no teleportation
@: beast-form, on berserk cooldown, slowed, invisible (expiring), very slow
A: beast (slay +7), almost no armour, amphibious, 8 rings, camouflage 1,
gelatinous body 1, (nimble swimmer 1), tentacles
a: Begin Untransformation, Renounce Religion, Potion Petition, Call Merchant,
Bribe Branch


You were in the Dungeon.
You worshipped Gozag.
Gozag was pleased with you.
You were a hulking beast.
You visited 1 branch You collected 648 gold pieces.

Inventory:

Jewellery
 k - a +2 ring of protection (left tentacle)
 l - a +3 ring of strength (right tentacle)
Talismans
 b - a beast talisman (active)
Wands
 j - a wand of acid (10)
Scrolls
 h - 2 scrolls of blinking
 i - 2 scrolls of amnesia
Potions
 c - 4 potions of curing
 f - 4 potions of magic


   Skills:
 * Level 6.4 Fighting
 + Level 8.0 Dodging
 + Level 4.0 Stealth
 + Level 14.8 Unarmed Combat
 + Level 12.0 Shapeshifting


You had 8 spell levels left.
You didn't know any spells.
Your spell library was empty.

Dungeon Overview and Level Annotations

Branches:
Dungeon (1/1)

Altars:
Cheibriados
Dithmenos
Elyvilon
Fedhas
Gozag
Hepliaklqana
Kikubaaqudgha
Makhleb
Nemelex Xobeh
Okawaru
Qazlal
Ru
Sif Muna
Trog
Uskayaw
Vehumet
Wu Jian
Xom
Yredelemnul
Zin
The Shining One
Jiyva
Lugonu


Innate Abilities, Weirdness & Mutations

You are a hulking beast.
Your limbs bulge with bestial killing power. (Slay +7)
You cannot wear most types of armour.
You are amphibious.
You can wear up to eight rings at the same time.
Your skin changes colour to match your surroundings (Stealth+).
Your rubbery body absorbs attacks. (AC +1, EV +1)
((You are camouflaged when in or above water. (Stealth+)))
You have tentacles for arms and can constrict up to eight enemies at once.


Message History

Your Unarmed Combat skill increases to level 14!
The rakshasa hits you with a +0 trident.
* * * LOW HITPOINT WARNING * * *
You see here 45 gold pieces.
You bludgeon the rakshasa! You grab the rakshasa.
The rakshasa is moderately wounded.
You constrict the rakshasa, but do no damage.
You tentacle-slap the rakshasa. You squeeze the rakshasa!
The rakshasa is heavily wounded.
You constrict the rakshasa.
The rakshasa hits you with a +0 trident!!
* * * LOW HITPOINT WARNING * * *
You batter the rakshasa!!
The rakshasa is severely wounded.
The injured rakshasa weaves a defensive illusion!
You constrict the rakshasa. You bludgeon the rakshasa!
The rakshasa is almost dead.
You constrict the rakshasa.
The wraith is distracted by your dazzling golden aura.
You batter the rakshasa!!
You kill the rakshasa!
The wraith shimmers and vanishes!
Your Fighting skill increases to level 6!
Your Dodging skill increases to level 8!
Your Stealth skill increases to level 4!
Your Shapeshifting skill increases to level 12!
Things that are here:
27 gold pieces; a +0 trident; a +0 robe You feel a strong urge to attack something.
You flicker for a moment.
You are no longer berserk.
You are exhausted.
You feel yourself slow down.
You bludgeon the wraith!
The wraith is no longer distracted by gold.
You squeeze the wraith!
The wraith is severely damaged.
The wraith hits you.
You die...
Your body crumbles into a pile of gold. $$$$$ $ $ $ $ $ ▓▓▓▓▓▓▓▓▓▓▓▓▓▓▓▓▓▓▓ +Wh$$$$'......)..[[ ▓▓▓▓▓▓▓▓▓▓▓▓▓▓▓▓▓▓▓

You could see a wraith.

Vanquished Creatures
  A rakshasa (D)
  A centaur warrior (D)
  A two-headed ogre (D)
  A manticore (D)
  A gargoyle (D)
  A tengu conjurer (D)
  A wyvern (D)
  2 yaks (D)
  An ogre (D)
  A phantom (D)
  2 howler monkeys (D)
  A jelly (D)
  An orc (D)
  A ball python (D)
  A goblin (D)
  A jackal (D)
  A kobold (D)
  A quokka (D)
  A rat (D)
21 creatures vanquished.

Notes
Turn   | Place    | Note
-------+----------+-------------------------------------------
     0 | D        | rocky1 the Octopode Shapeshifter began the quest for the
                  | Orb.
     0 | D        | Reached XP level 1. HP: 13/13 MP: 1/1
   234 | D        | Noticed an ogre
   234 | D        | Noticed a phantom
   234 | D        | Noticed a jelly
   237 | D        | Killed a jelly
   238 | D        | Reached skill level 4 in Unarmed Combat
   238 | D        | Reached skill level 5 in Shapeshifting
   238 | D        | Reached XP level 2. HP: 12/18 MP: 2/2
   238 | D        | Reached XP level 3. HP: 15/23 MP: 3/3
   249 | D        | Killed a phantom
   250 | D        | Reached skill level 6 in Unarmed Combat
   250 | D        | Reached XP level 4. HP: 5/28 MP: 4/4
   253 | D        | Killed an ogre
   254 | D        | Reached skill level 7 in Unarmed Combat
   254 | D        | Reached XP level 5. HP: 33/33 MP: 5/5
   259 | D        | Found a snail-covered altar of Cheibriados.
   259 | D        | Found a shadowy altar of Dithmenos.
   259 | D        | Found a white marble altar of Elyvilon.
   259 | D        | Found a blossoming altar of Fedhas.
   259 | D        | Found an opulent altar of Gozag.
   260 | D        | Found a hazy altar of Hepliaklqana.
   261 | D        | Found a viscous altar of Jiyva.
   262 | D        | Found an ancient bone altar of Kikubaaqudgha.
   263 | D        | Found a corrupted altar of Lugonu.
   264 | D        | Found a burning altar of Makhleb.
   265 | D        | Found a sparkling altar of Nemelex Xobeh.
   266 | D        | Found an iron altar of Okawaru.
   267 | D        | Found a stormy altar of Qazlal.
   268 | D        | Found a sacrificial altar of Ru.
   271 | D        | Became a worshipper of Gozag Ym Sagoz the Greedy
   274 | D        | Found a shimmering blue altar of Sif Muna.
   275 | D        | Found a bloodstained altar of Trog.
   276 | D        | Found a hide-covered altar of Uskayaw.
   277 | D        | Found a radiant altar of Vehumet.
   278 | D        | Found an ornate altar of the Wu Jian Council.
   279 | D        | Found a shimmering altar of Xom.
   280 | D        | Found a basalt altar of Yredelemnul.
   281 | D        | Found a glowing silver altar of Zin.
   282 | D        | Found a glowing golden altar of the Shining One.
   591 | D        | Noticed a yak
   591 | D        | Noticed a yak
   591 | D        | Noticed a two-headed ogre
   591 | D        | Noticed a gargoyle
   591 | D        | Noticed a wyvern
   597 | D        | Killed a wyvern
   598 | D        | Reached skill level 8 in Unarmed Combat
   598 | D        | Reached XP level 6. HP: 39/39 MP: 6/6
   604 | D        | Killed a gargoyle
   605 | D        | Reached skill level 5 in Dodging
   605 | D        | Reached skill level 10 in Unarmed Combat
   605 | D        | Reached XP level 7. HP: 41/45 MP: 7/7
   616 | D        | Killed a two-headed ogre
   617 | D        | Reached skill level 11 in Unarmed Combat
   617 | D        | Reached skill level 10 in Shapeshifting
   617 | D        | Reached XP level 8. HP: 33/52 MP: 8/8
   619 | D        | Killed a yak
   620 | D        | Reached skill level 12 in Unarmed Combat
   624 | D        | Killed a yak
   915 | D        | Noticed a rakshasa
   915 | D        | Noticed a wraith
   915 | D        | Noticed a centaur warrior
   915 | D        | Noticed a manticore
   915 | D        | Noticed a tengu conjurer
   923 | D        | Killed a manticore
   924 | D        | Reached skill level 1 in Stealth
   924 | D        | Reached XP level 9. HP: 26/59 MP: 9/9
   929 | D        | Killed a centaur warrior
   930 | D        | Reached skill level 5 in Fighting
   930 | D        | Reached skill level 13 in Unarmed Combat
   931 | D        | Killed a tengu conjurer
   932 | D        | Reached skill level 14 in Unarmed Combat
   934 | D        | HP: 4/93 [rakshasa/+0 trident (22)]
   937 | D        | Killed a rakshasa
   940 | D        | Slain by a wraith

Illustrated notes

Levels and vault maps discovered:
D:        linesprint [early_d, line_temple, items_1, d_10, items_2, lair_1,
          lair_end, items_3, orc_1, orc_end, items_4, d_15, swamp_1, shoals_1,
          snake_1, spider_1, d_20, vaults_1, items_5, swamp_end, shoals_end,
          snake_end, spider_end, vaults_end, d_27, items_6, zot_1, zot_end,
          crypt_end, forest_end, elf_end, slime_end, tomb_end, abyss_end,
          pan_hell_end]

Skill      XL: |  1  2  3  4  5  6  7  8  9 |
---------------+----------------------------+-----
Unarmed Combat | 4 6 7 8 10 11 12 14 | 14.8
Shapeshifting  | 5 6 7 8 9 10 11 12 | 12.0
Dodging        | 3 4 5 6 7 8 |  8.0
Fighting       | 2 3 4 6 |  6.4
Stealth        | 1 4 |  4.0

Action                     |  1- 3 |  4- 6 |  7- 9 || total
---------------------------+-------+-------+-------++-------
  Melee: Unarmed           |    22 |    16 |    36 ||    74
         Tentacles         |     4 |     1 |     6 ||    11
         Constrict         |     2 |       |     3 ||     5
         Punch             |       |     1 |       ||     1
    Use: Potion            |     1 |     2 |     5 ||     8
   Stab: Invisible         |       |       |     2 ||     2
 Armour: Skin              |     1 |     6 |     6 ||    13
  Dodge: Dodged            |     8 |     2 |     8 ||    18

Table legend: (Time is in decaauts)
 A = Elapsed time spent in this place.
 B = Non-inter-level travel time spent in this place.
 C = Inter-level travel time spent in this place.
 D = Time resting spent in this place.
 E = Time spent auto-exploring this place.
 F = Levels seen in this place.
 G = Mean time per level.
                   A        B        C        D        E       F      G
               +--------+--------+--------+--------+--------+-----+--------+
         Total |    905 |    905 |      0 |    769 |      0 |   1 |  905.0 |
       Dungeon |    905 |    905 |      0 |    769 |      0 |   1 |  905.0 |
               +--------+--------+--------+--------+--------+-----+--------+

Top non-repeatable levels by time:
       D: 905 daAuts
